 Dungeon Crawl Stone Soup version 0.31.0-11-ge490571c62 (webtiles) character file.

Game seed: 14104941730458982284

15883 ces the Marksspriggan (level 12, -15/54 (60) HPs)
             Began as a Spriggan Hunter on Jan 30, 2024.
             Was an Initiate of Gozag.
             Killed from afar by an orc sorcerer (16 damage)
             ... with a bolt of fire
             ... on level 2 of the Orcish Mines.
             The game lasted 00:53:34 (17166 turns).

ces the Marksspriggan (Spriggan Hunter)            Turns: 17166, Time: 00:53:34

HP:   -15/54 (60)   AC:  5    Str: 11    XL:     12   Next: 5%
MP:   13/13         EV: 26    Int: 11    God:    Gozag
Gold: 589           SH:  0    Dex: 21    Spells: 11/11 levels left

rFire   . . .        a - +1 arbalest
rCold   . . .        (shield currently unavailable)
rNeg    . . .        c - +2 robe
rPois   .            (helmet restricted)
rElec   .            (no cloak)
rCorr   .            (gloves unavailable)
SInv    +            (boots unavailable)
Will    ++...        (no amulet)
Stlth   +++++        (no ring)
HPRegen 0.29/turn    (no ring)
MPRegen 0.13/turn

%: no passive effects
@: marked, studying Ranged Weapons, heavily drained, very quick
A: very small, no large weapons, unfitting armour, see invisible, speed 3,
screaming 1, shaggy fur 1, strong 1
a: Renounce Religion, Potion Petition, Call Merchant, Bribe Branch


You were on level 2 of the Orcish Mines.
You worshipped Gozag.
Gozag was pleased with you.
You visited 3 branches of the dungeon, and saw 15 of its levels.

You collected 2458 gold pieces.
You spent 747 gold pieces at shops.
You paid 1122 gold pieces to Gozag.

Inventory:

Hand Weapons
 a - a +1 arbalest (weapon)
Missiles
 s - 3 throwing nets
Armour
 c - a +2 robe (worn)
Wands
 b - a wand of flame (40)
 y - a wand of polymorph (5)
Scrolls
 d - a scroll of identify
 h - a scroll of noise
 i - 4 scrolls of revelation
 j - a scroll of poison {unknown}
 l - a scroll of amnesia
 n - a scroll of immolation
 r - 3 scrolls of fog
Potions
 e - 2 potions of curing
 g - 6 potions of attraction
 m - 3 potions of lignification
 u - 3 potions of brilliance
 x - 3 potions of cancellation
 z - 2 potions of enlightenment
 C - 3 potions of might
 D - 2 potions of resistance
 E - a potion of magic


   Skills:
 + Level 5.3 Fighting
 * Level 16.5 Ranged Weapons
 * Level 10.9 Dodging
 - Level 10.8 Stealth


You had 11 spell levels left.
You didn't know any spells.
Your spell library contained the following spells:

 Spells                   Type           Power      Damage    Failure   Level
 Apportation              Tloc           0%         N/A       34%         1
 Slow                     Hex            0%         N/A       34%         1
 Summon Small Mammal      Summ           0%         N/A       34%         1
 Call Imp                 Summ           0%         N/A       47%         2
 Ensorcelled Hibernation  Hex/Ice        0%         N/A       47%         2
 Jinxbite                 Hex            0%         N/A       47%         2
 Sublimation of Blood     Necr           0%         N/A       47%         2
 Confusing Touch          Hex            0%         N/A       71%         3
 Passwall                 Erth           0%         N/A       71%         3
 Sigil of Binding         Hex            0%         N/A       71%         3
 Swiftness                Air            0%         N/A       71%         3
 Vampiric Draining        Necr           0%         2d6       71%         3
 Animate Armour           Summ/Erth      0%         N/A       98%         4
 Olgreb's Toxic Radiance  Alch           0%         N/A       98%         4
 Summon Lightning Spire   Summ/Air       0%         N/A       98%         4
 Alistair's Intoxication  Alch           0%         N/A       100%        5
 Lee's Rapid Deconstruct  Erth           0%         3d4*      100%        5
 Ozocubu's Refrigeration  Ice            0%         4d7       100%        7
 Summon Hydra             Summ           0%         N/A       100%        7
 Discord                  Hex            0%         N/A       100%        8


Dungeon Overview and Level Annotations

Branches:
Dungeon (12/15)            Temple (1/1) D:7            Lair (0/5) D:8
    Orc (2/2) D:9             Elf (0/3) Orc:2

Altars:
Ashenzari
Cheibriados
Dithmenos
Elyvilon
Fedhas
Gozag
Hepliaklqana
Kikubaaqudgha
Makhleb
Nemelex Xobeh
Okawaru
Qazlal
Ru
Sif Muna
Trog
Uskayaw
Vehumet
Wu Jian
Xom
Yredelemnul
Zin
The Shining One
Jiyva

Shops:
D:8 !   D:11 *   Orc:2 ?

Portals:
Trove: D:11 (give +7 demon blade)

Annotations:
D:9 Curundu's ghost, novice MiBe


Innate Abilities, Weirdness & Mutations

You are very small and have problems with some larger weapons.
You are too small for most types of armour.
You have supernaturally acute eyesight. (SInv)
You cover ground extremely quickly. (Speed+++)
You occasionally shout uncontrollably at your foes.
You are covered in fur. (AC +1)
Your muscles are strong. (Str +4, Int/Dex -1)


Message History

The orc sorcerer is heavily wounded.
You shoot a bolt. The bolt hits the orc sorcerer.
The orc sorcerer is heavily wounded.
You shoot a bolt. The bolt hits the orc sorcerer.
The orc sorcerer is heavily wounded.
The orc sorcerer casts a spell.
You shoot a bolt.
The bolt completely misses the orc sorcerer.
The orc sorcerer points at you and mumbles some strange words.
The bolt of negative energy misses the sixfirhy.
The bolt of negative energy hits you!!
You feel drained.
* * * LOW HITPOINT WARNING * * *
[a] - 625 gold - curing, magic, haste and brilliance [b] - 184 gold - heal wounds and curing [c] - 720 gold - haste, brilliance, heal wounds and berserk rage Purchase which effect?
You feel much better.
You feel better.
Fire: a) +1 arbalest
Press: ? - help, Shift-Dir - straight line, f/p - orc sorcerer
Aim: an orc sorcerer, wielding a +0 dagger and wearing a +0 robe (heavily wounded, 63% to hit)
You shoot a bolt.
The bolt barely misses the orc sorcerer.
The sixfirhy closely misses you. The sixfirhy hits you!
The sixfirhy shocks you! The sixfirhy completely misses you.
The orc sorcerer gestures at you while chanting.
The bolt of negative energy misses you. The sixfirhy completely misses you.
Fire: a) +1 arbalest
Press: ? - help, Shift-Dir - straight line, f/p - orc sorcerer
Aim: an orc sorcerer, wielding a +0 dagger and wearing a +0 robe (heavily wounded, 63% to hit)
You shoot a bolt. The bolt hits the orc sorcerer!
The orc sorcerer is severely wounded.
The sixfirhy barely misses you. The sixfirhy completely misses you.
The sixfirhy hits you!
* * * LOW HITPOINT WARNING * * *
The sixfirhy shocks you!
* * * LOW HITPOINT WARNING * * *
The orc sorcerer gestures at you while chanting.
The bolt of fire hits you!
You die...
Your body crumbles into a pile of gold.

### ### ##@# ########## ##.###
#3o## ##.##.#.#.## #..#<# ##..#
#........... ##...)### ##
#...#####.......... ##.....#.#
#.##...#..###.....#...
.#.......####...).o..###.........
..[.............#.....##.).......
))..o...........##.......)>......
....#..o........#..)....)).......


You could see a sixfirhy (summoned) and 2 orc sorcerers.

Vanquished Creatures
  An ogre mage (Orc:2)
  A two-headed ogre (D:11)
  The ghost of knightboat the Ducker, a novice GnHs of Qazlal (D:10)
  A manticore (D:12)
  5 orc sorcerers (Orc:2)
  2 gargoyles (D:10)
  A rime drake (D:8)
  2 komodo dragons (D:12)
  2 trolls
  2 hornets
  Grinder (D:4)
  3 slime creatures (D:8)
  Sigmund (D:4)
  3 wraiths
  12 yaks
  A ynoxinul (D:10)
  2 wyverns
  A steam dragon (D:9)
  5 vampire mosquitoes (D:11)
  A water moccasin (D:7)
  A sky beast (D:7)
  3 ice beasts
  10 orc warriors
  A swamp drake (D:9)
  6 ogres (Orc:2)
  A black bear (D:4)
  2 wolves
  2 centaurs
  3 phantoms
  4 bullfrogs
  4 gnoll sergeants
  A scorpion (D:3)
  3 killer bees (D:9)
  7 howler monkeys
  A crimson imp (Orc:1)
  5 hounds
  2 bombardier beetles
  5 orc priests
  6 jellies
  An iron imp (Orc:1)
  5 iguanas
  2 sleepcaps
  27 orc wizards
  3 adders
  17 gnolls
  A shadow imp (Orc:1)
  2 white imps
  An ufetubus (D:7)
  A ribbon worm (D:3)
  5 dart slugs
  55 orcs
  6 ball pythons
  9 bats
  5 endoplasms
  6 goblins
  9 hobgoblins
  4 quokkas
  2 frilled lizards
  2 kobolds
  6 rats
284 creatures vanquished.

Vanquished Creatures (others)
  A troll (D:12)
  2 vampire mosquitoes (D:11)
  An orc wizard (Orc:1)
4 creatures vanquished.

Grand Total: 288 creatures vanquished

Notes
Turn   | Place    | Note
-------+----------+-------------------------------------------
     0 | D:1      | ces the Spriggan Hunter began the quest for the Orb.
     0 | D:1      | Reached XP level 1. HP: 10/10 MP: 2/2
   134 | D:1      | Reached XP level 2. HP: 14/14 MP: 3/3
   392 | D:1      | Reached skill level 5 in Ranged Weapons
   436 | D:1      | Found a faded altar of an unknown god.
   480 | D:1      | Reached XP level 3. HP: 18/18 MP: 4/4
  1034 | D:3      | Reached XP level 4. HP: 22/22 MP: 5/5
  1131 | D:3      | Reached skill level 6 in Ranged Weapons
  1854 | D:4      | Noticed a scorpion
  1905 | D:3      | Killed a scorpion
  1906 | D:3      | Reached XP level 5. HP: 21/25 MP: 6/6
  2048 | D:4      | Reached skill level 7 in Ranged Weapons
  2214 | D:4      | Noticed a black bear
  2491 | D:4      | Found a glowing golden altar of the Shining One.
  2680 | D:4      | Noticed Sigmund
  2769 | D:4      | Killed a black bear
  2770 | D:4      | Reached XP level 6. HP: 30/30 MP: 7/7
  2864 | D:4      | Killed Sigmund
  2865 | D:4      | Reached skill level 8 in Ranged Weapons
  2944 | D:4      | Reached XP level 7. HP: 33/33 MP: 8/8
  3394 | D:5      | Entered Level 5 of the Dungeon
  3446 | D:5      | Found a stormy altar of Qazlal.
  3499 | D:5      | Noticed Grinder
  3535 | D:5      | Reached skill level 9 in Ranged Weapons
  3539 | D:5      | Paralysed by Grinder for 4 turns
  3564 | D:4      | Killed Grinder
  3643 | D:5      | Reached skill level 10 in Ranged Weapons
  3850 | D:5      | Reached XP level 8. HP: 37/37 MP: 9/9
  4164 | D:5      | Noticed a troll
  4259 | D:5      | Killed a troll
  4553 | D:6      | Reached skill level 11 in Ranged Weapons
  4631 | D:6      | Found a broken altar of Ashenzari.
  5286 | D:6      | Reached skill level 12 in Ranged Weapons
  5326 | D:6      | Found a hazy altar of Hepliaklqana.
  5498 | D:7      | Reached XP level 9. HP: 41/41 MP: 10/10
  5638 | D:7      | Found a staircase to the Ecumenical Temple.
  5784 | Temple   | Entered the Ecumenical Temple
  5810 | Temple   | Became a worshipper of Gozag Ym Sagoz the Greedy
  6376 | D:8      | Found a staircase to the Lair.
  6388 | D:8      | Noticed a rime drake
  6436 | D:7      | Reached skill level 13 in Ranged Weapons
  6949 | D:8      | Found Bips's Distillery.
  6992 | D:8      | Reached skill level 5 in Stealth
  6996 | D:8      | Reached skill level 5 in Dodging
  7202 | D:8      | Bought a potion of heal wounds for 65 gold pieces
  7202 | D:8      | Bought a potion of cancellation for 104 gold pieces
  7202 | D:8      | Bought a potion of enlightenment for 65 gold pieces
  7246 | D:8      | Killed a rime drake
  7273 | D:8      | Found a runed translucent gate.
  7273 | D:8      | Found a runed translucent gate.
  7274 | D:8      | Found a runed translucent gate.
  7275 | D:8      | Noticed Curundu's ghost (novice MiBe)
  7277 | D:8      | Found a viscous altar of Jiyva.
  7367 | D:8      | Found a radiant altar of Vehumet.
  7380 | D:8      | Found an ancient bone altar of Kikubaaqudgha.
  7418 | D:8      | Found a shimmering blue altar of Sif Muna.
  7491 | D:8      | Got Sif Muna's Spellbook of Creation
  7939 | D:9      | Reached XP level 10. HP: 46/46 MP: 11/11
  9027 | D:9      | Found a staircase to the Orcish Mines.
  9400 | D:10     | Entered Level 10 of the Dungeon
  9716 | D:10     | Noticed a gargoyle
  9723 | D:10     | Found a sacrificial altar of Ru.
  9893 | D:10     | Found a runed translucent door.
  9914 | D:10     | Noticed knightboat's ghost (novice GnHs)
 10267 | D:10     | Found a bloodstained altar of Trog.
 10391 | D:10     | Killed a gargoyle
 10491 | D:10     | Found an iron altar of Okawaru.
 10522 | D:10     | Reached skill level 14 in Ranged Weapons
 10880 | D:10     | Noticed a gargoyle
 11001 | D:10     | Gained mutation: Your spells are a little harder to cast,
                  | but a little more powerful. [potion of mutation]
 11001 | D:10     | Gained mutation: You are agile. (Dex +4, Str/Int -1)
                  | [potion of mutation]
 11001 | D:10     | Gained mutation: Your mind is acute. (Int +4, Str/Dex -1)
                  | [potion of mutation]
 11014 | D:10     | Killed a gargoyle
 12552 | D:10     | Killed knightboat's ghost
 12553 | D:10     | Reached XP level 11. HP: 53/53 MP: 12/12
 13122 | D:11     | Found a portal to a secret trove of treasure.
 13672 | D:11     | Noticed a two-headed ogre
 13692 | D:11     | Killed a two-headed ogre
 13693 | D:11     | Reached skill level 10 in Stealth
 14197 | D:11     | Reached skill level 15 in Ranged Weapons
 14257 | D:11     | Found Vuewkog's Assorted Antiques.
 14260 | D:11     | Bought a worn copper wand for 132 gold pieces
 14260 | D:11     | Bought a potion of curing for 99 gold pieces
 14261 | D:11     | Bought a scroll of identify for 66 gold pieces
 14261 | D:11     | Bought a scroll of identify for 66 gold pieces
 14680 | D:12     | Noticed a skeletal warrior
 14733 | D:12     | Noticed a white ugly thing
 14738 | D:12     | Noticed a skeletal warrior
 14738 | D:12     | Noticed a skeletal warrior
 14848 | D:12     | Lost mutation: Your spells are a little harder to cast, but
                  | a little more powerful. [potion of mutation]
 14848 | D:12     | Lost mutation: You are agile. (Dex +4, Str/Int -1) [potion
                  | of mutation]
 14848 | D:12     | Lost mutation: Your mind is acute. (Int +4, Str/Dex -1)
                  | [potion of mutation]
 14848 | D:12     | Gained mutation: Your muscles are strong. (Str +4, Int/Dex
                  | -1) [potion of mutation]
 14848 | D:12     | Gained mutation: You occasionally shout uncontrollably at
                  | your foes. [potion of mutation]
 14848 | D:12     | Gained mutation: You are covered in fur. (AC +1) [potion of
                  | mutation]
 14878 | D:12     | Identified 2 scrolls of acquirement
 14878 | D:12     | Acquired a manual of Evocations
 15095 | D:12     | Acquired a manual of Ranged Weapons
 15647 | Orc:1    | Entered Level 1 of the Orcish Mines
 16119 | Orc:1    | Noticed a deep elf pyromancer
 16235 | Orc:2    | Entered Level 2 of the Orcish Mines
 16479 | Orc:2    | Found a staircase to the Elven Halls.
 16519 | Orc:2    | Noticed an orc sorcerer
 16839 | Orc:2    | Noticed an orc sorcerer
 16865 | Orc:2    | Killed an orc sorcerer
 16866 | Orc:2    | Reached skill level 10 in Dodging
 16896 | Orc:2    | Noticed an orc sorcerer
 16902 | Orc:2    | Killed an orc sorcerer
 16903 | Orc:2    | Reached skill level 5 in Fighting
 16903 | Orc:2    | Reached skill level 16 in Ranged Weapons
 16935 | Orc:2    | Noticed an orc sorcerer
 16937 | Orc:2    | Killed an orc sorcerer
 16982 | Orc:2    | Noticed an ogre mage
 16999 | Orc:2    | Killed an ogre mage
 17011 | Orc:2    | Found Ynlat's Magic Scroll Boutique.
 17026 | Orc:2    | Bought a scroll of identify for 30 gold pieces
 17026 | Orc:2    | Bought a scroll of fog for 60 gold pieces
 17026 | Orc:2    | Bought a scroll of fog for 60 gold pieces
 17039 | Orc:2    | Found an ancient bone altar of Kikubaaqudgha.
 17039 | Orc:2    | Noticed an orc sorcerer
 17039 | Orc:2    | Noticed an orc sorcerer
 17069 | Orc:2    | Killed an orc sorcerer
 17070 | Orc:2    | Reached XP level 12. HP: 60/60 MP: 13/13
 17166 | Orc:2    | HP: 1/54 [sixfirhy[an orc sorcerer] (9)]
 17166 | Orc:2    | Killed from afar by an orc sorcerer

Illustrated notes

Levels and vault maps discovered:
D:1:      lightli_arrival_chessboard, layout_loops_cross,
          chequers_ecumenical_altar_twisty
D:2:      layout_rooms
D:3:      layout_loops_ring, minmay_fountain_box, bh_walls_and_bars
D:4:      layout_layer_cave, nicolae_tso_carved_into_rock, st_stairs_11,
          uniq_sigmund
D:5:      layout_basic, nicolae_overflow_crystal_walls, uniq_grinder
D:6:      layout_basic, mainiacjoe_overflow_24_doors,
          nicolae_hepliaklqana_hippocampus
D:7:      layout_basic, minmay_temple_entry_mist, st_stairs_10
D:8:      layout_gridville, palyth_temple_overflow_mages,
          hellmonk_lair_entry_icy, gammafunk_ghost_ooze,
          minmay_misc_feat_square, kennysheep_windowed_goal
D:9:      layout_roguey, erik_orc_1, lemuel_flamethrower_2
D:10:     layout_layer_cave, mainiacjoe_overflow_alcove_1,
          nicolae_overflow_hidden_temple, marbit_many_paths,
          hellmonk_ghost_big_iron, corexii_hall_statues_l
D:11:     layout_roguey, serial_shops, nicolae_shop_behind_doors, enter_trove_6,
          serial_glass, glass_columns_a, glass_columns_a, dk_noncrumbling_4
D:12:     layout_basic, nicolae_nh_vlads_tower
Temple:   nicolae_temple_x_marks_the_god
Orc:1:    layout_caves, gammafunk_ghost_split, hangedman_minor_magic
Orc:2:    kennysheep_orc_mage_school, layout_diamond_mine,
          gauntlet_entry_generic, nicolae_orc_lava_tube

Skill      XL: |  1  2  3  4  5  6  7  8  9 10 11 |
---------------+----------------------------------+-----
Ranged Weapons | 5 6 7 8 10 12 13 14 16 | 16.5
Dodging        | 6 8 10 | 10.9
Stealth        | 6 9 10 | 10.8
Fighting       | 3 5 |  5.3

Action                     |  1- 3 |  4- 6 |  7- 9 | 10-12 || total
---------------------------+-------+-------+-------+-------++-------
  Melee: Shortbow          |       |       |       |     4 ||     4
         Unarmed           |       |       |       |    15 ||    15
   Fire: Shortbow          |   101 |   149 |   436 |   936 ||  1622
         Arbalest          |       |       |       |    92 ||    92
  Throw: Throwing net      |       |       |       |     3 ||     3
 Invoke: Potion Petition   |       |       |       |     3 ||     3
  Evoke: Wand              |       |       |    33 |    48 ||    81
    Use: Scroll            |       |     1 |     9 |    13 ||    23
         Potion            |       |       |     4 |    11 ||    15
 Armour: Robe              |     3 |    24 |    47 |    87 ||   161
         Skin              |       |       |     3 |       ||     3
  Dodge: Dodged            |    16 |    33 |    89 |   282 ||   420
